 Dungeon Crawl Stone Soup version 0.28-a0-730-g892d06dc2c (webtiles) character file.

Game seed: 504108939386533769

518 marklar909 the Skirmisher (level 7, -6/56 (58) HPs)
             Began as a Palentonga Abyssal Knight on Oct 28, 2021.
             Was a Believer of Lugonu.
             Mangled by Edmund (13 damage)
             ... on level 4 of the Dungeon on Oct 29, 2021.
             The game lasted 00:13:08 (7743 turns).

marklar909 the Skirmisher (PaAK)                    Turns: 7743, Time: 00:13:08

HP:   -6/56 (58)    AC: 11    Str: 18    XL:     7   Next: 1%
MP:   4/9           EV:  9    Int: 10    God:    Lugonu [**....]
Gold: 43            SH:  0    Dex: 11    Spells: 6/6 levels left

rFire   . . .      SeeInvis +   a - +1 hand axe
rCold   . . .      Faith    .   (no shield)
rNeg    . . .      Spirit   .   b - +0 leather armour
rPois   .          Reflect  .   (no helmet)
rElec   .          Harm     .   (no cloak)
rCorr   .          Rampage  .   (no gloves)
Will    .....                   (no barding)
Stlth   +.........              (no amulet)
HPRegen 0.18/turn               (no ring)
MPRegen 0.11/turn               (no ring)

@: lightly drained, curled up
A: large, rugged brown scales 3, see invisible, deformed body, roll 1, armoured
tail, reflexive curl
a: Rolling Charge, Renounce Religion, Depart the Abyss, Bend Space


You were on level 4 of the Dungeon.
You worshipped Lugonu.
Lugonu was pleased with you.
You visited 1 branch of the dungeon, and saw 4 of its levels.
You visited the Abyss 1 time.

You collected 130 gold pieces.
You spent 87 gold pieces at shops.

Inventory:

Hand Weapons
 a - a +1 hand axe (weapon)
Missiles
 d - 7 stones (quivered)
Armour
 b - a +0 leather armour (worn)
 n - a +0 plate armour
Jewellery
 r - an amulet of reflection
Potions
 f - a potion of heal wounds
 g - a potion of attraction {unknown}
 h - a potion of ambrosia {unknown}
 i - 2 potions of might {unknown}
 j - 4 potions of curing
 m - a potion of brilliance {unknown}
 q - a potion of degeneration {unknown}
 s - a potion of flight {unknown}


   Skills:
 * Level 4.6 Fighting
 + Level 3.2 Axes
 + Level 1.8 Throwing
 * Level 3.2 Armour
 + Level 1.9 Dodging
 + Level 0.2 Stealth
 * Level 3.6 Invocations


You had 6 spell levels left.
You didn't know any spells.
Your spell library contained the following spells:

 Spells                   Type           Power      Damage    Failure   Level
 Pain                     Necr           0%         1d4       41%         1
 Ozocubu's Armour         Ice            0%         N/A       80%         3
 Agony                    Necr           0%         N/A       100%        5
 Excruciating Wounds      Necr           0%         N/A       100%        5
 Ozocubu's Refrigeration  Ice            0%         4d5       100%        7


Dungeon Overview and Level Annotations

Branches:
Dungeon (4/15)
 Temple: D:4-7

Altars:

Shops:
D:3 *

Annotations:
D:4 Edmund


Innate Abilities, Weirdness & Mutations

You are completely covered in rugged brown scales. (AC +3, +7% HP)
You have supernaturally acute eyesight. (SInv)
Armour fits poorly on your strangely shaped body.
You can roll at nearby foes to attack.
You have a long armoured tail.
You curl defensively after being hit.


Message History

Your Invocations skill increases to level 3!
You have reached level 7!
You now curl defensively after being hit.
Throw: 9 stones
Press: ? - help, Q - select action, (/) - cycle Shift-Dir - straight line, f - kobold
Aim: a kobold, wielding a +0 club (50% to hit)
You throw a stone. The stone hits the kobold.
The kobold is severely wounded.
Throw: 8 stones
Press: ? - help, Q - select action, (/) - cycle Shift-Dir - straight line, f/p - kobold
Aim: a kobold, wielding a +0 club (severely wounded, 50% to hit)
You throw a stone.
The stone hits the kobold but does no damage.
The kobold is severely wounded.
Edmund the Younger comes into view.
He is wielding a +4 dire flail of draining.
The kobold hits you but does no damage.
You closely miss the kobold.
The kobold is severely wounded.
The kobold hits you with a +0 club.
You slash the kobold!
You kill the kobold!
Lugonu accepts your kill.
You see here a +0 club.
You see here a stone.
You see here a +0 club.
You see here a stone.
You see here a stone.
You see here a stone.
Edmund hits you with a +4 dire flail of draining!
* * * LOW HITPOINT WARNING * * *
You feel drained.
* * * LOW HITPOINT WARNING * * *
Space bends sharply around you!
Edmund blinks!
You blink.
Edmund closely misses you. Space bends around you!
You blink.
Space bends around you!
You blink.
Edmund says, "People accused me of being a cutpurse!"
Space bends around you!
You blink.
Edmund hits you with a +4 dire flail of draining!
You die...

# . #.##.# #####
#.######.##.## ##...##
#.#..........###.....##
... ..................#
# .........##.......#
########.######.......#
.....................##
####.........##..@....#
####.........##.@.....#
.............##.......#
####.........###.....##
#.........# ##...##
########### #####


You could see Edmund.

Vanquished Creatures
  Grinder (D:4)
  2 hounds (D:3)
  An iguana (D:3)
  7 adders
  8 gnolls
  A white imp (D:1)
  3 worms
  3 dart slugs
  An orc (D:3)
  11 endoplasms
  A giant cockroach (D:2)
  7 goblins
  4 hobgoblins
  9 jackals
  9 kobolds
  7 quokkas
  3 ball pythons
  6 bats
  4 frilled lizards
  4 rats
92 creatures vanquished.

Notes
Turn   | Place    | Note
-------+----------+-------------------------------------------
     0 | Abyss:1  | marklar909 the Palentonga Abyssal Knight began the quest
                  | for the Orb.
     0 | Abyss:1  | Reached XP level 1. HP: 19/19 MP: 2/2
    49 | Abyss:1  | Noticed a large abomination
    53 | Abyss:1  | Found a corrupted altar of Lugonu.
    66 | D:1      | Escaped the Abyss
   248 | D:1      | Reached XP level 2. HP: 24/25 MP: 3/3
   580 | D:1      | Reached ** piety under Lugonu
   585 | D:1      | Reached skill level 1 in Dodging
   718 | D:1      | Reached XP level 3. HP: 31/31 MP: 4/4
  1398 | D:2      | Found a faded altar of an unknown god.
  1645 | D:1      | Reached skill level 1 in Throwing
  1835 | D:1      | Reached XP level 4. HP: 6/39 MP: 5/5
  2835 | D:3      | Reached skill level 4 in Fighting
  3582 | D:3      | Reached XP level 5. HP: 37/44 MP: 6/6
  4061 | D:3      | Found Kiywnice's Assorted Antiques.
  4067 | D:3      | Bought a scroll labelled COICOSU IGOWK for 30 gold pieces
  4067 | D:3      | Bought a scroll labelled TAGOUZXISS for 30 gold pieces
  4067 | D:3      | Bought a viscous cyan potion for 27 gold pieces
  5377 | D:4      | Noticed Grinder
  5942 | D:4      | Reached XP level 6. HP: 47/51 MP: 8/8
  7700 | D:4      | Killed Grinder
  7701 | D:4      | Gained mutation: You curl defensively after being hit.
                  | [Palentonga growth]
  7701 | D:4      | Reached XP level 7. HP: 27/58 MP: 4/9
  7703 | D:4      | Noticed Edmund
  7743 | D:4      | Mangled by Edmund

Illustrated notes

Levels and vault maps discovered:
D:1:      amcnicky_arrival_double_pillar, layout_rooms
D:2:      layout_basic, shapermc_ecumenical_altar_petra, serial_glass,
          glass_columns_a, glass_columns_b
D:3:      layout_loops_cross, serial_shops, nicolae_shop_trees,
          minmay_randomly_rotated_circles
D:4:      layout_rooms, gammafunk_ghost_arena, serial_shops,
          nicolae_shop_waterfront, minmay_misc_feat_chi, uniq_grinder,
          uniq_edmund

Skill      XL: |  1  2  3  4  5  6 |
---------------+-------------------+-----
Dodging        | 1 |  1.9
Throwing       | 1 |  1.8
Armour         | 2 3 |  3.2
Fighting       | 4 |  4.6
Axes           | 3 |  3.2
Invocations    | 3 |  3.6
Stealth        | |  0.2

Action                   |  1- 3 |  4- 6 |  7- 9 || total
-------------------------+-------+-------+-------++-------
Melee: Hand axe          |    78 |   217 |     2 ||   297
       Tailslap          |     4 |    29 |       ||    33
Throw: Stone             |    47 |   118 |     2 ||   167
Invok: Bend Space        |       |    21 |     4 ||    25
 Abil: Rolling Charge    |     1 |    14 |       ||    15
  Use: Scroll            |       |     6 |       ||     6
       Potion            |       |     1 |       ||     1
Armor: Leather armour    |    35 |    76 |     1 ||   112
Dodge: Dodged            |    31 |   136 |     1 ||   168

Table legend: (Time is in decaauts)
 A = Elapsed time spent in this place.
 B = Non-inter-level travel time spent in this place.
 C = Inter-level travel time spent in this place.
 D = Time resting spent in this place.
 E = Time spent auto-exploring this place.
 F = Levels seen in this place.
 G = Mean time per level.
                   A        B        C        D        E       F      G
               +--------+--------+--------+--------+--------+-----+--------+
         Total |   7821 |   7209 |    612 |   3230 |   2608 |   5 | 1564.2 |
       Dungeon |   7755 |   7143 |    612 |   3230 |   2603 |   4 | 1938.8 |
         Abyss |     66 |     66 |      0 |      0 |      5 |   1 |   66.0 |
               +--------+--------+--------+--------+--------+-----+--------+

Top non-repeatable levels by time:
     D:3: 3011 daAuts
     D:2: 2927 daAuts
     D:1: 1554 daAuts
     D:4: 261 daAuts
 Abyss:1: 66 daAuts
